 Dungeon Crawl Stone Soup version 0.17-a0-1567-gdd419b1 (webtiles) character file.

2465 George the Knight (level 9, -9/61 HPs)
             Began as a Demonspawn Gladiator on July 22, 2015.
             Was a Priest of Okawaru.
             Killed by divine providence
             ... invoked by an orc priest
              (13 damage)
             ... on level 7 of the Dungeon.
             The game lasted 00:18:57 (7978 turns).

George the Knight (Demonspawn Gladiator)            Turns: 7978, Time: 00:18:58

Health: -9/61      AC: 13    Str: 18    XL:     9   Next: 26%
Magic:  14/16      EV:  9    Int:  9    God:    Okawaru [***...]
Gold:   437        SH:  0    Dex: 15    Spells: 0 memorised, 8 levels left

rFire  . . .     SeeInvis +     a - +1 long sword
rCold  . . .     Clarity  .     I - +0 plate armour
rNeg   . . .     SustAt   .     (no shield)
rPois  .         Gourm    .     c - +0 helmet
rElec  .         Spirit   .     (no cloak)
rCorr  .         Warding  .     (no gloves)
rMut   .         Stasis   .     (no boots)
MR     .....                    (no amulet)
Stlth  ..........               (no ring)
                                Q - ring of see invisible

@: heroism, not resistant to hostile enchantments, extremely unstealthy
A: talons 1, demonic guardian 1, spiny 2
a: Heroism, Renounce Religion


You were on level 7 of the Dungeon.
You worshipped Okawaru.
Okawaru was most pleased with you.
You were not hungry.

You visited 1 branch of the dungeon, and saw 7 of its levels.

You collected 437 gold pieces.

Inventory:

Hand weapons
 a - a +1 long sword (weapon)
 T - the +3 mace "Foagonyto" {flame, rPois rC- rN+}
   (You found it on level 7 of the Dungeon)

   It has been specially enchanted to burn those struck by it, causing extra
   injury to most foes and up to half again as much damage against particularly
   susceptible opponents.
   It makes you vulnerable to cold.
   It protects you from poison.
   It protects you from negative energy.
Missiles
 d - 3 throwing nets (quivered)
 H - 12 tomahawks
Armour
 c - a +0 helmet (worn)
 I - a +0 plate armour (worn)
Jewellery
 Q - a ring of see invisible (left hand)
Magical devices
 u - a wand of confusion (32)
 v - a wand of random effects (20)
 y - a wand of confusion (11)
 N - a wand of draining (10)
 P - a wand of fire (13)
Scrolls
 l - 5 scrolls of remove curse
 L - a scroll of blinking
Potions
 g - 4 potions of curing
 i - 4 potions of haste
 j - a potion of flight
 o - a potion of lignification
 p - a potion of cure mutation
 r - a potion of cancellation
 A - a potion of berserk rage
 K - a potion of resistance
 R - a potion of invisibility {unknown}
Comestibles
 e - 2 bread rations
 k - 7 fruits
 x - 2 slices of pizza
 B - 2 meat rations
 D - 2 beef jerkies
 E - a royal jelly
 U - a chunk of flesh


   Skills:
 - Level 2.0(7.0) Fighting
 + Level 9.1(14.1) Long Blades
 - Level 1.7(6.7) Throwing
 - Level 2.6(7.6) Dodging
 + Level 10.5 Invocations


You had 8 spell levels left.
You didn't know any spells.

Dungeon Overview and Level Annotations

Branches:
Dungeon (7/15)             Temple (0/1) D:7

Altars:
Cheibriados
Fedhas
Gozag
Okawaru
Qazlal
Ru
Trog
Zin
The Shining One


Innate Abilities, Weirdness & Mutations

You have sharp toenails.
A weak demonic guardian rushes to your aid.
You are mostly covered in sharp spines.


Message History

The puff of frost hits you!
* * * LOW HITPOINT WARNING * * *
You see here a rat skeleton.
Drink which item? (? for menu, Esc to quit)
You feel better.
Use which ability? (? or * to list)
Okay, then.
Unknown command.
Use which ability? (? or * to list)
You gain the combat prowess of a mighty hero.
You feel slightly more hungry.
The orc priest calls upon Beogh to heal the orc priest.
The orc priest's wounds heal themselves!
The orc wizard casts a spell at you. The puff of frost hits you!
* * * LOW HITPOINT WARNING * * *
You miss the orc wizard.
The orc priest calls down the wrath of Beogh upon you.
Something smites you!
You die...

###...###.##.........#
##......##........##
#.##.#####.....#.#
#..#.# #.......##
##.#.# #.######.#
#.#.## #. ##. #.#... .
## #÷#..## ###@#...
#..o##.# #.#o##.####.#
#...o.o......
#....#o..#.[.
##...#.⌠.#...
#.###...###.
#...........
#..⌠.%>..⌠..


You could see 2 orc priests and an orc wizard.

Vanquished Creatures
  An unseen horror (D:5)
  Grinder (D:5)
  Sigmund (D:6)
  2 ice beasts
  2 centaurs
  A black bear (D:7)
  An ogre (D:4)
  A giant frog (D:6)
  2 scorpions (D:6)
  5 killer bees (D:7)
  A crimson imp (D:5)
  A giant frog zombie (D:5)
  An orc wizard (D:3)
  A quasit (D:6)
  3 hounds
  A jelly (D:5)
  An iguana (D:4)
  Natasha (thrice) (D:2)
  2 worker ants (D:5)
  2 hound zombies (D:6)
  12 adders
  An ooze (D:1)
  5 worms
  2 giant geckos
  14 orcs
  A ball python (D:2)
  5 giant cockroaches
  9 goblins
  11 hobgoblins
  16 jackals
  15 kobolds
  5 quokkas
  14 bats
  6 giant newts
  A quokka skeleton (D:4)
  15 rats
165 creatures vanquished.

Vanquished Creatures (collateral kills)
  An ogre (D:4)
  An orc wizard (D:3)
  An adder (D:5)
  An orc (D:4)
  A hobgoblin (D:4)
  A giant gecko zombie (D:6)
  A rat (D:5)
7 creatures vanquished.

Grand Total: 172 creatures vanquished

Notes
Turn   | Place    | Note
--------------------------------------------------------------
     0 | D:1      | George the Demonspawn Gladiator began the quest for the Orb.
     0 | D:1      | Reached XP level 1. HP: 16/16 MP: 1/1
    37 | D:1      | Reached skill level 3 in Long Blades
    98 | D:1      | Gained mutation: You are partially covered in sharp spines. [demonic ancestry]
    98 | D:1      | Reached XP level 2. HP: 12/22 MP: 2/2
  1062 | D:2      | Reached XP level 3. HP: 24/27 MP: 3/3
  1144 | D:2      | Reached skill level 4 in Long Blades
  1323 | D:2      | Found a glowing silver altar of Zin.
  1365 | D:2      | Reached XP level 4. HP: 33/33 MP: 4/4
  1382 | D:2      | Noticed Natasha
  1399 | D:2      | Killed Natasha
  1661 | D:2      | Reached skill level 5 in Long Blades
  1739 | D:2      | Found a glowing golden altar of the Shining One.
  1743 | D:2      | Found an iron altar of Okawaru.
  1751 | D:2      | Found a blossoming altar of Fedhas.
  1761 | D:2      | Became a worshipper of Warmaster Okawaru
  1879 | D:2      | Noticed Natasha
  1883 | D:2      | Killed Natasha
  1913 | D:2      | Found an opulent altar of Gozag.
  1942 | D:2      | Reached skill level 1 in Invocations
  2011 | D:2      | Noticed Natasha
  2019 | D:2      | Killed Natasha
  2038 | D:2      | Found a snail-covered altar of Cheibriados.
  2104 | D:3      | Found a sacrificial altar of Ru.
  2106 | D:3      | Gained mutation: A weak demonic guardian rushes to your aid. [demonic ancestry]
  2106 | D:3      | Reached XP level 5. HP: 32/38 MP: 4/6
  2906 | D:4      | Noticed an ogre
  2918 | D:4      | Killed an ogre
  2918 | D:4      | Acquired Okawaru's first power
  2918 | D:4      | Reached XP level 6. HP: 10/44 MP: 7/9
  2922 | D:4      | Noticed an ogre
  3449 | D:4      | Killed an ogre
  3587 | D:4      | Reached skill level 6 in Long Blades
  3718 | D:4      | Found a stormy altar of Qazlal.
  3744 | D:4      | Noticed a centaur
  4344 | D:4      | Killed a centaur
  4344 | D:4      | Reached skill level 5 in Invocations
  4344 | D:4      | Gained mutation: You have sharp toenails. [demonic ancestry]
  4344 | D:4      | Reached XP level 7. HP: 43/50 MP: 10/10
  5287 | D:5      | Entered Level 5 of the Dungeon
  5288 | D:5      | Noticed Grinder
  5301 | D:5      | Paralysed by Grinder for 7 turns
  5307 | D:5      | Killed Grinder
  5554 | D:5      | Reached skill level 7 in Long Blades
  6032 | D:5      | Gained mutation: You are mostly covered in sharp spines. [demonic ancestry]
  6032 | D:5      | Reached XP level 8. HP: 56/56 MP: 13/13
  6034 | D:5      | Got a scorched spear
  6037 | D:5      | Killed an unseen horror
  6037 | D:5      | Reached skill level 8 in Long Blades
  6037 | D:5      | Reached skill level 9 in Invocations
  6054 | D:5      | Identified the cursed +0 spear of Extremism {drain, +Blink rN++} (You found it on level 5 of the Dungeon)
  6295 | D:5      | Noticed a moth of wrath
  6298 | D:5      | Found a bloodstained altar of Trog.
  6866 | D:6      | Noticed Sigmund
  6880 | D:6      | Killed Sigmund
  6880 | D:6      | Reached XP level 9. HP: 47/61 MP: 16/16
  7269 | D:7      | Got an iridescent mace
  7270 | D:7      | Identified the +3 mace "Foagonyto" {flame, rPois rC- rN+} (You found it on level 7 of the Dungeon)
  7399 | D:7      | Reached skill level 10 in Invocations
  7958 | D:7      | Found a staircase to the Ecumenical Temple.
  7974 | D:7      | HP: 1/61 [orc wizard/puff of frost (6)]
  7978 | D:7      | Killed from afar by an orc priest

Vault maps used:
D:1:      co_arrival_hall_of_pillars, st_stairs_3
D:2:      grunt_gozag_breadcrumbs, cheibriados_altar_1,
          overflow_temple_1_default, minmay_overflow_temple_star_quad,
          uniq_natasha
D:3:      hangedman_ru_absence
D:4:      nicolae_qazlal_general_emergency
D:5:      kennysheep_big_flooded_room, tgw_trog, first_bread, uniq_grinder
D:6:      uniq_sigmund
D:7:      minmay_temple_entry_junction2

Action                   |  1- 3 |  4- 6 |  7- 9 || total
-------------------------+-------+-------+-------++-------
Melee: Long sword        |    56 |    87 |   144 ||   287
Invok: Heroism           |       |       |     1 ||     1
  Use: Scroll            |       |       |    20 ||    20
       Potion            |       |       |     2 ||     2
 Stab: Distracted        |       |       |     2 ||     2
  Eat: Chunk             |     1 |     8 |    13 ||    22
